AAA
MOLINE PLOWBOYS @ SYRACUSE CHIEFS
05/04/1980
 
TOP OF THE 1ST
Moline Plowboys batting - Pitching for Syracuse Chiefs : LHP Ken Kravec
Pitching: LHP Ken Kravec
Batting: LHB Steve Hovley 0-0: Swinging Strike
0-1: Swinging Strike
0-2: SINGLE (Line Drive, 78M, EV 89.4 MPH)
Batting: RHB Jerry DaVanon 0-0: Ball
1-0: Ball
2-0: Called Strike
2-1: Foul Ball, location: 25F
2-2: Foul Ball, location: 3F
2-2: Ball
3-2: Base on Balls
Steve Hovley to second
Batting: LHB Mike Jorgensen 0-0: Grounds into double play, 5-4-3 (Groundball, 56, EV 82.5 MPH)
Steve Hovley to third
Batting: RHB Joe Rudi 0-0: Ball
1-0: Ball
2-0: Foul Ball, location: 9LMF
2-1: SINGLE (Line Drive, 4MD, EV 95.6 MPH)
Steve Hovley scores
Batting: RHB Garry Jestadt 0-0: Ball
1-0: Called Strike
1-1: Ball
2-1: Swinging Strike
2-2: Fly out, F7 (Flyball, 78S, EV 93.1 MPH)
Top of the 1st over - 1 run, 2 hits, 0 errors, 1 left on base; Moline 1 - Syracuse 0
BOTTOM OF THE 1ST
Syracuse Chiefs batting - Pitching for Moline Plowboys : RHP Chuck Rainey
Pitching: RHP Chuck Rainey
Batting: LHB William Metil 0-0: Called Strike
0-1: Foul Ball, location: 3DF
0-2: Ball
1-2: Strikes out swinging
Batting: LHB Greg Jemison 0-0: Called Strike
0-1: Called Strike
0-2: Ball
1-2: Strikes out swinging
Batting: RHB Dick Davis 0-0: Called Strike
0-1: Foul Ball, location: 25F
0-2: Ball
1-2: Fly out, F4 (Popup, 4MS, EV 80.6 MPH)
Bottom of the 1st over - 0 runs, 0 hits, 0 errors, 0 left on base; Moline 1 - Syracuse 0
TOP OF THE 2ND
Moline Plowboys batting - Pitching for Syracuse Chiefs : LHP Ken Kravec
Batting: LHB Tony Muser 0-0: Ball
1-0: Foul Ball, location: 2F
1-1: Ball
2-1: Ball
3-1: Foul Ball, location: 9LSFF
3-2: Ground out 4-3 (Groundball, 4, EV 98.8 MPH)
Batting: LHB Gene Lamont 0-0: Ground out 6-3 (Groundball, 4MS, EV 82.5 MPH)
Batting: RHB Jim Unknown 0-0: Called Strike
0-1: Called Strike
0-2: Ball
1-2: Ball
2-2: Ball
3-2: Foul Ball, location: 2F
3-2: Strikes out swinging
Top of the 2nd over - 0 runs, 0 hits, 0 errors, 0 left on base; Moline 1 - Syracuse 0
BOTTOM OF THE 2ND
Syracuse Chiefs batting - Pitching for Moline Plowboys : RHP Chuck Rainey
Batting: LHB Del Unser 0-0: Called Strike
0-1: Ball
1-1: Foul Ball, location: 9LMF
1-2: Foul Ball, location: 2F
1-2: Ball
2-2: Strikes out looking
Batting: RHB Randall Thomas 0-0: Swinging Strike
0-1: SINGLE (Groundball, 6MD, EV 95.0 MPH)
Batting: LHB Phil Mankowski 0-0: Called Strike
0-1: Ball
1-1: Called Strike
1-2: Foul Ball, location: 25F
1-2: Ball
2-2: Ball
3-2: Base on Balls
Randall Thomas to second
Batting: RHB Tommy Sandt 0-0: Foul Ball, location: 3FF
0-1: Called Strike
0-2: Ball
1-2: Foul Ball, location: 5F
1-2: Fly out, F9 (Flyball, 89S, EV 89.4 MPH)
Batting: RHB Bob Reece 0-0: Ball
1-0: Called Strike
1-1: Ball
2-1: Fly out, F4 (Line Drive, 4, EV 63.1 MPH)
Bottom of the 2nd over - 0 runs, 1 hit, 0 errors, 2 left on base; Moline 1 - Syracuse 0
TOP OF THE 3RD
Moline Plowboys batting - Pitching for Syracuse Chiefs : LHP Ken Kravec
Batting: RHB Chuck Rainey 0-0: Ball
1-0: Foul Ball, location: 9LMF
1-1: Foul Ball, location: 25FF
1-2: Foul Ball, location: 5DF
1-2: Strikes out swinging
Batting: LHB Steve Hovley 0-0: Ball
1-0: Ball
2-0: Ball
3-0: Base on Balls
Batting: RHB Jerry DaVanon 0-0: Called Strike
0-1: SINGLE (Line Drive, 8RS, EV 108.8 MPH)
Steve Hovley to second
Batting: LHB Mike Jorgensen 0-0: Ball
1-0: SINGLE (Groundball, 5D, EV 106.9 MPH)
Steve Hovley to third
Jerry DaVanon to second
Runner from 3rd tries for Home, SAFE, throw by LF to home
Batting: RHB Joe Rudi 0-0: Ball
1-0: Ball
2-0: Foul Ball, location: 9LMF
2-1: Fly out, F8 (Flyball, 8RM, EV 88.8 MPH)
Batting: RHB Garry Jestadt 0-0: DOUBLE (Flyball, 9LD, EV 111.3 MPH)
Jerry DaVanon scores
Mike Jorgensen to third
Runner from 3rd tries for Home, SAFE, no throw by RF
Batting: LHB Tony Muser 0-0: Ground out 6-3 (Groundball, 6M, EV 85.6 MPH)
Top of the 3rd over - 3 runs, 3 hits, 0 errors, 1 left on base; Moline 4 - Syracuse 0
BOTTOM OF THE 3RD
Syracuse Chiefs batting - Pitching for Moline Plowboys : RHP Chuck Rainey
Batting: LHB Ken Kravec 0-0: Ball
1-0: Ball
2-0: Ball
3-0: Base on Balls
Batting: LHB William Metil 0-0: Fly out, F4 (Line Drive, 4M, EV 58.1 MPH)
Batting: LHB Greg Jemison 0-0: Foul Ball, location: 9LDF
0-1: Foul Ball, location: 5F
0-2: Fly out, F8 (Flyball, 89D, EV 93.8 MPH)
Batting: RHB Dick Davis 0-0: Foul Ball, location: 7LMF
0-1: SINGLE (Groundball, 34S, EV 85.6 MPH) (infield hit)
Ken Kravec to second
Batting: LHB Del Unser 0-0: 3-RUN HOME RUN (Flyball, 89XD, EV 99.4 MPH), Distance : 407 ft
Batting: RHB Randall Thomas 0-0: SINGLE (Flyball, 89S, EV 87.5 MPH)
Batting: LHB Phil Mankowski 0-0: Ball
1-0: SINGLE (Groundball, 3D, EV 95.6 MPH)
Randall Thomas to second
Runner from 2nd tries for 3rd, SAFE, throw by RF made to third
Batting: RHB Tommy Sandt 0-0: Called Strike
0-1: Fielders Choice at 2nd, 5-4 (Groundball, 56, EV 91.9 MPH)
Bottom of the 3rd over - 3 runs, 4 hits, 0 errors, 2 left on base; Moline 4 - Syracuse 3
TOP OF THE 4TH
Moline Plowboys batting - Pitching for Syracuse Chiefs : LHP Ken Kravec
Batting: LHB Gene Lamont 0-0: DOUBLE (Line Drive, 7D, EV 100.0 MPH)
Batting: RHB Jim Unknown 0-0: Foul Ball, location: 2F
0-1: Swinging Strike
0-2: Ball
1-2: Ball
2-2: Strikes out looking
Batting: RHB Chuck Rainey 0-0: Ground out 5-3 (Groundball, 56, EV 81.3 MPH)
Batting: LHB Steve Hovley 0-0: Swinging Strike
0-1: Ball
1-1: Foul Ball, location: 5SF
1-2: Foul Ball, location: 5F
1-2: Fly out, F7 (Flyball, 78M, EV 96.3 MPH)
Top of the 4th over - 0 runs, 1 hit, 0 errors, 1 left on base; Moline 4 - Syracuse 3
BOTTOM OF THE 4TH
Syracuse Chiefs batting - Pitching for Moline Plowboys : RHP Chuck Rainey
Batting: RHB Bob Reece 0-0: Ball
1-0: Ball
2-0: SINGLE (Groundball, 56, EV 88.1 MPH)
Batting: LHB Ken Kravec 0-0: Sac Bunt to 15 - play at first, batter OUT! 1-4
Bob Reece to second
Batting: LHB William Metil 0-0: Ground out 4-3 (Groundball, 4, EV 86.9 MPH)
Bob Reece to third
Batting: LHB Greg Jemison 0-0: Called Strike
0-1: Ball
1-1: Swinging Strike
1-2: Strikes out swinging
Bottom of the 4th over - 0 runs, 1 hit, 0 errors, 1 left on base; Moline 4 - Syracuse 3
TOP OF THE 5TH
Moline Plowboys batting - Pitching for Syracuse Chiefs : LHP Ken Kravec
Batting: RHB Jerry DaVanon 0-0: Ball
1-0: Ball
2-0: Foul Ball, location: 3FF
2-1: Foul Ball, location: 9LDF
2-2: Fly out, F2 (Popup, 3SF, EV 78.1 MPH)
Batting: LHB Mike Jorgensen 0-0: Ball
1-0: Called Strike
1-1: Foul Ball, location: 2F
1-2: Ball
2-2: Ground out 4-3 (Groundball, 4, EV 110.0 MPH)
Batting: RHB Joe Rudi 0-0: SINGLE (Groundball, 34D, EV 104.4 MPH)
Batting: RHB Garry Jestadt 0-0: Swinging Strike
0-1: Ground out 4-3 (Groundball, 4, EV 105.6 MPH)
Top of the 5th over - 0 runs, 1 hit, 0 errors, 1 left on base; Moline 4 - Syracuse 3
BOTTOM OF THE 5TH
Syracuse Chiefs batting - Pitching for Moline Plowboys : RHP Chuck Rainey
Batting: RHB Dick Davis 0-0: Foul Ball, location: 2F
0-1: SOLO HOME RUN (Flyball, 89XD, EV 111.3 MPH), Distance : 428 ft
Batting: LHB Del Unser 0-0: Foul Ball, location: 2F
0-1: Ball
1-1: Ball
2-1: Ground out 6-3 (Groundball, 6, EV 98.1 MPH)
Batting: RHB Randall Thomas 0-0: Called Strike
0-1: Ball
1-1: Fly out, F7 (Flyball, 7, EV 93.8 MPH)
Batting: LHB Phil Mankowski 0-0: Called Strike
0-1: SINGLE (Groundball, 4MD, EV 106.9 MPH)
Batting: RHB Tommy Sandt 0-0: Called Strike
0-1: Fly out, F8 (Flyball, 8RXD, EV 97.5 MPH)
Bottom of the 5th over - 1 run, 2 hits, 0 errors, 1 left on base; Moline 4 - Syracuse 4
TOP OF THE 6TH
Moline Plowboys batting - Pitching for Syracuse Chiefs : LHP Ken Kravec
Batting: LHB Tony Muser 0-0: Fly out, F5 (Popup, 25, EV 89.4 MPH)
Batting: LHB Gene Lamont 0-0: Swinging Strike
0-1: Fly out, F7 (Flyball, 7LM, EV 100.0 MPH)
Batting: RHB Jim Unknown 0-0: Ball
1-0: Fly out, F3 (Popup, 3SF, EV 84.4 MPH)
Top of the 6th over - 0 runs, 0 hits, 0 errors, 0 left on base; Moline 4 - Syracuse 4
BOTTOM OF THE 6TH
Syracuse Chiefs batting - Pitching for Moline Plowboys : RHP Chuck Rainey
Batting: RHB Bob Reece 0-0: Ball
1-0: Ground out 4-3 (Groundball, 34, EV 80.0 MPH)
Batting: LHB Ken Kravec 0-0: Ball
1-0: Ball
2-0: Called Strike
2-1: Foul Ball, location: 2F
2-2: Foul Ball, location: 2LF
2-2: Foul Ball, location: 2F
2-2: Ball
3-2: Strikes out swinging
Batting: LHB William Metil 0-0: Called Strike
0-1: Fly out, F5 (Line Drive, 56, EV 65.0 MPH)
Bottom of the 6th over - 0 runs, 0 hits, 0 errors, 0 left on base; Moline 4 - Syracuse 4
TOP OF THE 7TH
Moline Plowboys batting - Pitching for Syracuse Chiefs : LHP Ken Kravec
Batting: RHB Chuck Rainey 0-0: Called Strike
0-1: Called Strike
0-2: Strikes out swinging
Batting: LHB Steve Hovley 0-0: SINGLE (Groundball, 34S, EV 75.6 MPH) (infield hit)
Batting: RHB Jerry DaVanon 0-0: Foul Ball, location: 3DF
0-1: Fly out, F9 (Flyball, 89M, EV 84.4 MPH)
Batting: LHB Mike Jorgensen 0-0: Called Strike
0-1: Ball
1-1: Ball
2-1: Foul Ball, location: 7LDF
2-2: Ball
3-2: Base on Balls
Steve Hovley to second
Batting: RHB Joe Rudi 0-0: Ball
1-0: Ball
2-0: Called Strike
2-1: Foul Ball, location: 2F
2-2: Ball
3-2: Foul Ball, location: 9LMF
3-2: Base on Balls
Steve Hovley to third
Mike Jorgensen to second
Batting: RHB Garry Jestadt 0-0: Called Strike
0-1: Foul Ball, location: 23F
0-2: SINGLE (Line Drive, 4MD, EV 96.9 MPH)
Steve Hovley scores
Mike Jorgensen to third
Joe Rudi to second
Runner from 3rd tries for Home, SAFE, throw by CF to home
Pitching: LHP Terry Forster
Now in CF: Juan Lebron
Batting: LHB Tony Muser 0-0: Ball
1-0: Ball
2-0: SINGLE (Line Drive, 34, EV 101.3 MPH)
Joe Rudi to third
Garry Jestadt to second
Runner from 3rd tries for Home, SAFE, throw by RF to home
Batting: LHB Gene Lamont 0-0: Foul Ball, location: 7LSF
0-1: Ball
1-1: Ball
2-1: Ball
3-1: Base on Balls
Garry Jestadt to third
Tony Muser to second
Batting: RHB Jim Unknown 0-0: Ball
1-0: Called Strike
1-1: Swinging Strike
1-2: Foul Ball, location: 9LSF
1-2: Strikes out looking
Top of the 7th over - 3 runs, 3 hits, 0 errors, 3 left on base; Moline 7 - Syracuse 4
BOTTOM OF THE 7TH
Syracuse Chiefs batting - Pitching for Moline Plowboys : RHP Chuck Rainey
Batting: LHB Greg Jemison 0-0: Ball
1-0: Ball
2-0: Foul Ball, location: 5F
2-1: Ball
3-1: Called Strike
3-2: Ground out 6-3 (Groundball, 6, EV 78.8 MPH)
Batting: RHB Dick Davis 0-0: Foul Ball, location: 25FF
0-1: Ball
1-1: Foul Ball, location: 2F
1-2: Foul Ball, location: 3FF
1-2: SINGLE (Groundball, 6MS, EV 82.5 MPH) (infield hit)
Batting: RHB Juan Lebron 0-0: Called Strike
0-1: Ball
Dick Davis is caught stealing 2nd base 2-4
1-1: Swinging Strike
1-2: Fly out, F6 (Popup, 6MS, EV 73.1 MPH)
Bottom of the 7th over - 0 runs, 1 hit, 0 errors, 0 left on base; Moline 7 - Syracuse 4
TOP OF THE 8TH
Moline Plowboys batting - Pitching for Syracuse Chiefs : LHP Terry Forster
Batting: RHB Chuck Rainey 0-0: Swinging Strike
0-1: Ball
1-1: SINGLE (Groundball, 13, EV 86.9 MPH) (infield hit)
Batting: LHB Steve Hovley 0-0: Ball
1-0: Ball
2-0: Foul Ball, location: 7LSF
2-1: Bunted foul
2-2: Ball
3-2: SINGLE (Line Drive, 5D, EV 95.6 MPH)
Chuck Rainey to second
Batting: RHB Jerry DaVanon 0-0: Called Strike
0-1: Ball
1-1: SINGLE (Groundball, 6M, EV 106.9 MPH)
Chuck Rainey to third
Steve Hovley to second
Batting: LHB Mike Jorgensen 0-0: Ball
1-0: Ball
2-0: Foul Ball, location: 3F
2-1: Called Strike
2-2: SINGLE (Flyball, 78S, EV 96.9 MPH)
Chuck Rainey scores
Steve Hovley to third
Jerry DaVanon to second
Batting: RHB Joe Rudi 0-0: Foul Ball, location: 9LMF
0-1: Ball
1-1: Ball
2-1: Grounds into fielders choice 4-2 (Groundball, 4, EV 91.3 MPH)
Jerry DaVanon to third
Mike Jorgensen to second
Batting: RHB Garry Jestadt 0-0: Fly out, F7 (Flyball, 78M, EV 83.1 MPH)
Runner from 3rd tags up, SCORES, throw by LF
Batting: LHB Tony Muser 0-0: Ball
1-0: Ball
2-0: Ball
3-0: Base on Balls
Mike Jorgensen to third
Joe Rudi to second
Pitching: RHP Bob Bastian
Batting: LHB Gene Lamont 0-0: Ball
1-0: Called Strike
1-1: Ball
2-1: DOUBLE (Line Drive, 89XD, EV 105.6 MPH)
Mike Jorgensen scores
Joe Rudi scores
Tony Muser to third
Batting: RHB Jim Unknown 0-0: Called Strike
0-1: Foul Ball, location: 25FF
0-2: Ball
1-2: Ball
2-2: Foul Ball, location: 25FF
2-2: Fly out, F7 (Flyball, 7, EV 84.4 MPH)
Top of the 8th over - 4 runs, 5 hits, 0 errors, 2 left on base; Moline 11 - Syracuse 4
BOTTOM OF THE 8TH
Syracuse Chiefs batting - Pitching for Moline Plowboys : RHP Chuck Rainey
Batting: RHB Randall Thomas 0-0: Ball
1-0: Ground out U3 (Groundball, 34S, EV 87.5 MPH)
Batting: LHB Phil Mankowski 0-0: SINGLE (Groundball, 6MD, EV 98.1 MPH)
Batting: RHB Tommy Sandt 0-0: Foul Ball, location: 2F
0-1: Ball
1-1: Ball
2-1: SINGLE (Line Drive, 89S, EV 101.9 MPH)
Phil Mankowski to second
Batting: RHB Bob Reece 0-0: TRIPLE (Flyball, 78XD, EV 88.8 MPH)
Phil Mankowski scores
Tommy Sandt scores
Pinch Hitting: LHB John Doherty 0-0: Ball
1-0: Ball
2-0: Called Strike
2-1: Fly out, F9 (Flyball, 9, EV 85.0 MPH)
Runner from 3rd tags up, SCORES, throw by RF
Batting: LHB William Metil 0-0: Ball
1-0: Swinging Strike
1-1: Ground out 1-3 (Groundball, 13S, EV 68.8 MPH)
Bottom of the 8th over - 3 runs, 3 hits, 0 errors, 0 left on base; Moline 11 - Syracuse 7
TOP OF THE 9TH
Moline Plowboys batting - Pitching for Syracuse Chiefs : RHP Bob Bastian
Pitching: RHP Tony Brizzolara
Pinch Hitting: LHB Bill Fahey 0-0: Called Strike
0-1: Ball
1-1: Foul Ball, location: 5FF
1-2: Ball
2-2: Foul Ball, location: 7LSF
2-2: Foul Ball, location: 2F
2-2: Ground out 5-3 (Groundball, 56, EV 81.9 MPH)
Batting: LHB Steve Hovley 0-0: Ball
1-0: Called Strike
1-1: SINGLE (Groundball, 4MD, EV 103.1 MPH)
Batting: RHB Jerry DaVanon 0-0: Called Strike
Steve Hovley is caught stealing 2nd base 2-4
0-1: Ball
1-1: Ground out 6-3 (Groundball, 6, EV 105.6 MPH)
Top of the 9th over - 0 runs, 1 hit, 0 errors, 0 left on base; Moline 11 - Syracuse 7
BOTTOM OF THE 9TH
Syracuse Chiefs batting - Pitching for Moline Plowboys : RHP Chuck Rainey
Pitching: RHP Mike Garman
Batting: LHB Greg Jemison 0-0: SINGLE (Flyball, 9LS, EV 88.8 MPH)
Batting: RHB Dick Davis 0-0: SINGLE (Line Drive, 7S, EV 106.9 MPH)
Greg Jemison to second
Pinch Hitting: LHB Brock Davis 0-0: Ball
1-0: Ball
2-0: Foul Ball, location: 2F
2-1: SINGLE (Line Drive, 9S, EV 95.6 MPH)
Greg Jemison to third
Dick Davis to second
Batting: RHB Randall Thomas 0-0: Ball
1-0: Foul Ball, location: 2F
1-1: TRIPLE (Flyball, 89XD, EV 95.6 MPH)
Greg Jemison scores
Dick Davis scores
Brock Davis scores
Pitching: RHP John Littlefield
Now at 1B: Tom Hutton
Batting: LHB Phil Mankowski 0-0: Ball
1-0: Ball
2-0: Called Strike
2-1: Fly out, F4 (Popup, 4M, EV 60.0 MPH)
Pinch Hitting: SHB Mike Miley 0-0: Called Strike
0-1: Foul Ball, location: 2F
0-2: Ball
1-2: Ground out 4-3 (Groundball, 4, EV 82.5 MPH)
Batting: RHB Bob Reece 0-0: Ball
1-0: Called Strike
1-1: Ball
2-1: Foul Ball, location: 9LDF
2-2: Foul Ball, location: 2F
2-2: Foul Ball, location: 3FF
2-2: Strikes out swinging
Bottom of the 9th over - 3 runs, 4 hits, 0 errors, 1 left on base; Moline 11 - Syracuse 10
Saturday, December 30th , 2023 - OOTP Baseball 24.11 Build 85